[Event "ESTCC 50 2019"]
[Site "Mali Losinj"]
[Date "2019.09.19"]
[Round "2.19"]
[White "Watzka, Horst"]
[Black "Andersen, Per O"]
[Result "1-0"]
[ECO "B43"]
[WhiteElo "2187"]
[BlackElo "1971"]
[Annotator "NA"]
[PlyCount "93"]
[EventDate "2019.09.18"]
[EventType "team-tourn"]
[EventCountry "CRO"]
[SourceTitle "playchess.com"]
[Source "ChessBase"]
[SourceQuality "1"]
[WhiteTeam "Austria"]
[BlackTeam "Norway"]
[WhiteTeamCountry "AUT"]
[BlackTeamCountry "NOR"]
[TimeControl "40/5400+30:1800+30"]

1. e4 c5 2. Nf3 e6 3. Nc3 a6 4. d4 cxd4 5. Nxd4 Qc7 6. Be2 b5 7. O-O Bb7 8. Bf3 Nc6 9. Nxc6 dxc6 10. Be3 Bd6 11. g3 Rd8 12. Qe2 Nf6 13. Rad1 e5 14. a4 b4 15. Nb1 O-O 16. Nd2 c5 17. Bg2 Rfe8 18. f3 a5 19. b3 Bc8 20. Rfe1 Be6 21. Nc4 Bc8 22. Qf2 Be7 23. Bf1 Ba6 24. Nb2 Bxf1 25. Qxf1 Rxd1 26. Rxd1 Rd8 27. Rd3 h5 28. Qd1 Rxd3 29. Qxd3 Qd7 30. Nc4 Qc7 31. Kg2 Kh7 32. Bc1 h4 33. Bb2 Nd7 34. Nxa5 Nb6 35. Nc4 Nxc4 36. Qxc4 Bf6 37. Qd5 hxg3 38. hxg3 Kg8 39. Bc1 Qc8 40. Be3 Qa6 41. Qxc5 Qe2+ 42. Bf2 Bg5 43. Qc4 Qd2 44. Qd3 Qc1 45. a5 Qa1 46. a6 Kh7 47. a7 1-0

[Event "ESTCC 50 2019"]
[Site "Mali Losinj"]
[Date "2019.09.19"]
[Round "2.20"]
[White "Ortoft, Kai"]
[Black "Ernst, Michael"]
[Result "1/2-1/2"]
[ECO "D02"]
[WhiteElo "1957"]
[BlackElo "2199"]
[Annotator "NA"]
[PlyCount "61"]
[EventDate "2019.09.18"]
[EventType "team-tourn"]
[EventCountry "CRO"]
[SourceTitle "playchess.com"]
[Source "ChessBase"]
[SourceQuality "1"]
[WhiteTeam "Norway"]
[BlackTeam "Austria"]
[WhiteTeamCountry "NOR"]
[BlackTeamCountry "AUT"]
[TimeControl "40/5400+30:1800+30"]

1. Nf3 d5 2. d4 Bf5 3. Bf4 e6 4. e3 Bd6 5. Bg3 Nf6 6. Bd3 Ne4 7. Be5 O-O 8. O-O Nd7 9. Bxd6 Nxd6 10. Bxf5 Nxf5 11. Nbd2 Nd6 12. Qe2 c5 13. e4 dxe4 14. Nxe4 Nxe4 15. Qxe4 Qb6 16. b3 cxd4 17. Qxd4 Qxd4 18. Nxd4 Rfd8 19. Rfd1 Nc5 20. c4 Ne4 21. Ne2 Kf8 22. f3 Nc5 23. Nc3 Ke7 24. Kf1 Rd3 25. Rxd3 Nxd3 26. Rd1 Rd8 27. g3 Ne5 28. Rxd8 Kxd8 29. Ke2 Kd7 30. Ke3 Kc6 31. h3 1/2-1/2

[Event "ESTCC 50 2019"]
[Site "Mali Losinj"]
[Date "2019.09.19"]
[Round "2.21"]
[White "Wallace, Paul"]
[Black "Krebs, Johann"]
[Result "0-1"]
[ECO "B12"]
[WhiteElo "2153"]
[BlackElo "2226"]
[Annotator "ChessBase"]
[PlyCount "202"]
[EventDate "2019.09.18"]
[EventType "team-tourn"]
[EventCountry "CRO"]
[SourceTitle "playchess.com"]
[Source "ChessBase"]
[SourceQuality "1"]
[WhiteTeam "IRL"]
[BlackTeam "AUT"]
[WhiteTeamCountry "AUS"]
[BlackTeamCountry "AUT"]
[TimeControl "40/5400+30:1800+30"]

1. e4 c6 2. d4 d5 3. e5 Bf5 4. Be3 e6 5. Nf3 Ne7 6. Be2 Nd7 7. O-O c5 8. c4 dxc4 9. Bxc4 a6 10. dxc5 Nc6 11. Qe2 Bxc5 12. Bxc5 Nxc5 13. Rd1 Qc7 14. Nc3 Bg4 15. Qe3 Bxf3 16. Qxf3 O-O 17. Re1 b5 18. Bd3 Nxd3 19. Qxd3 Nxe5 20. Qg3 f6 21. f4 Ng6 22. Rxe6 Qxf4 23. Rd1 b4 24. Ne4 Rfe8 25. Qb3 Kh8 26. Nd6 Rxe6 27. Qxe6 Ne5 28. Qd5 Rf8 29. Nf7+ Nxf7 30. Qxf7 Qe3+ 31. Kh1 Re8 32. h3 h6 33. Qc4 Qe2 34. Qd4 Kh7 35. a3 Re4 36. Qd7 Qh5 37. axb4 Rxb4 38. Qd3+ f5 39. Rf1 Qg6 40. Rf2 f4 41. Qc3 Qe4 42. Re2 Qc4 43. Qxc4 Rxc4 44. Re6 a5 45. b3 Rc5 46. Rb6 Rg5 47. b4 Rg3 48. Kh2 a4 49. Ra6 a3 50. b5 Rb3 51. b6 Kg6 52. b7+ Kh5 53. Rxa3 Rxb7 54. g3 Rb2+ 55. Kg1 g5 56. gxf4 gxf4 57. Ra4 Kg5 58. Rc4 Rd2 59. Ra4 Kf5 60. Rb4 Ke5 61. Ra4 Rd4 62. Ra3 Ke4 63. Kf2 Rd2+ 64. Ke1 Rd3 65. Ra4+ Ke3 66. Ra6 h5 67. Re6+ Kf3 68. Rg6 Ra3 69. Rf6 Ra1+ 70. Kd2 Kg3 71. Ke2 Ra2+ 72. Kf1 Rh2 73. Rg6+ Kf3 74. Kg1 Rxh3 75. Ra6 Rg3+ 76. Kf1 Rg5 77. Ra3+ Kg4 78. Kf2 Rb5 79. Kg2 Rb2+ 80. Kg1 Re2 81. Rb3 h4 82. Ra3 Re3 83. Ra8 Kg3 84. Rg8+ Kf3 85. Rf8 Rd3 86. Rf7 Rd1+ 87. Kh2 Ke3 88. Kg2 h3+ 89. Kxh3 f3 90. Re7+ Kf2 91. Ra7 Rd8 92. Ra2+ Ke3 93. Ra3+ Ke2 94. Ra7 f2 95. Re7+ Kf1 96. Rg7 Re8 97. Kg3 Re3+ 98. Kh2 Ke1 99. Ra7 f1=R 100. Ra1+ Kf2 101. Rd1 Rh3+ 0-1

[Event "ESTCC 50 2019"]
[Site "Mali Losinj"]
[Date "2019.09.19"]
[Round "2.22"]
[White "Wegerer, Fred"]
[Black "Fox, Anthony"]
[Result "1-0"]
[ECO "E05"]
[WhiteElo "2171"]
[BlackElo "2023"]
[Annotator "ChessBase"]
[PlyCount "139"]
[EventDate "2019.09.18"]
[EventType "team-tourn"]
[EventCountry "CRO"]
[SourceTitle "playchess.com"]
[Source "ChessBase"]
[SourceQuality "1"]
[WhiteTeam "Austria"]
[BlackTeam "Ireland"]
[WhiteTeamCountry "AUT"]
[BlackTeamCountry "IRL"]
[TimeControl "40/5400+30:1800+30"]

1. c4 e6 2. Nf3 d5 3. g3 Nf6 4. Bg2 Be7 5. O-O O-O 6. d4 dxc4 7. Ne5 Nc6 8. Nxc6 bxc6 9. Bxc6 Rb8 10. Nc3 Bb7 11. Bxb7 Rxb7 12. e4 c6 13. Qa4 Qxd4 14. Qxc6 Qb6 15. Qxc4 Rd8 16. Qe2 Qa5 17. Bf4 Bb4 18. Rfd1 Rbd7 19. Rxd7 Rxd7 20. Qc4 Bxc3 21. bxc3 h6 22. Rb1 Qh5 23. Kg2 Kh7 24. h3 Qg6 25. Re1 Nh5 26. Be3 e5 27. Kh2 Nf6 28. f3 Nh5 29. g4 Nf4 30. Bxf4 exf4 31. Re2 Qb6 32. e5 Rd1 33. Qe4+ g6 34. Rg2 Qe3 35. Qxe3 fxe3 36. Kg3 Rd2 37. Rg1 Rxa2 38. Re1 e2 39. Kf2 Rc2 40. Rxe2 Rxc3 41. Ra2 Rc7 42. h4 Re7 43. f4 g5 44. Kg3 Kg7 45. Ra6 gxf4+ 46. Kxf4 Rb7 47. Kf5 Rc7 48. g5 hxg5 49. hxg5 Rb7 50. g6 fxg6+ 51. Rxg6+ Kf8 52. Rh6 Rb1 53. Rh7 a5 54. Ra7 Ra1 55. Kf6 Rf1+ 56. Ke6 Ra1 57. Ra8+ Kg7 58. Ke7 a4 59. e6 a3 60. Ke8 a2 61. e7 Kh7 62. Ra3 Kg7 63. Rg3+ Kf6 64. Rg2 Ke6 65. Re2+ Kd6 66. Kd8 Kc5 67. Kc7 Kb4 68. Kb6 Ka3 69. e8=Q Rb1+ 70. Ka5 1-0

[Event "ESTCC 50 2019"]
[Site "Mali Losinj"]
[Date "2019.09.19"]
[Round "2.23"]
[White "Cafolla, Peter"]
[Black "Kainz, Josef"]
[Result "1/2-1/2"]
[ECO "B25"]
[WhiteElo "1919"]
[BlackElo "1922"]
[Annotator "NA"]
[PlyCount "89"]
[EventDate "2019.09.18"]
[EventType "team-tourn"]
[EventCountry "CRO"]
[SourceTitle "playchess.com"]
[Source "ChessBase"]
[SourceQuality "1"]
[WhiteTeam "Ireland"]
[BlackTeam "Austria"]
[WhiteTeamCountry "IRL"]
[BlackTeamCountry "AUT"]
[TimeControl "40/5400+30:1800+30"]

1. e4 c5 2. Nc3 Nc6 3. g3 g6 4. Bg2 Bg7 5. d3 d6 6. f4 e6 7. Nf3 Nge7 8. O-O O-O 9. Be3 b5 10. Qd2 b4 11. Nd1 Rb8 12. c3 e5 13. fxe5 Nxe5 14. Nxe5 Bxe5 15. d4 cxd4 16. cxd4 Bg7 17. Rc1 a5 18. Nf2 Ba6 19. Rfd1 Qb6 20. Bh6 Rfc8 21. Rxc8+ Rxc8 22. Ng4 Bh8 23. Be3 Qc7 24. Nh6+ Kf8 25. Bh3 Re8 26. Rc1 Qb7 27. Qf2 Ng8 28. Bf1 Bxf1 29. Qxf1 Nxh6 30. Bxh6+ Kg8 31. Qd3 Bg7 32. Bxg7 Kxg7 33. d5 Rc8 34. Qd4+ f6 35. Rc4 Rxc4 36. Qxc4 Qb6+ 37. Kg2 Qc5 38. Qd3 a4 39. Kf3 Qc1 40. Qb5 Qxb2 41. Qd7+ Kg8 42. Qe8+ Kg7 43. Qd7+ Kh6 44. Qh3+ Kg7 45. Qd7+ 1/2-1/2

[Event "ESTCC 50 2019"]
[Site "Mali Losinj"]
[Date "2019.09.19"]
[Round "2.24"]
[White "Detter, Peter"]
[Black "Lyons, Brendan"]
[Result "0-1"]
[ECO "D06"]
[WhiteElo "1982"]
[BlackElo "1971"]
[Annotator "NA"]
[PlyCount "106"]
[EventDate "2019.09.18"]
[EventType "team-tourn"]
[EventCountry "CRO"]
[SourceTitle "playchess.com"]
[Source "ChessBase"]
[SourceQuality "1"]
[WhiteTeam "Austria"]
[BlackTeam "Ireland"]
[WhiteTeamCountry "AUT"]
[BlackTeamCountry "IRL"]
[TimeControl "40/5400+30:1800+30"]

1. d4 d5 2. c4 Bf5 3. cxd5 Bxb1 4. Qa4+ Qd7 5. Qxd7+ Nxd7 6. Rxb1 Ngf6 7. Nf3 Nb6 8. e4 Nxe4 9. Bb5+ Kd8 10. Bd3 Nd6 11. Bf4 Nxd5 12. Bxd6 exd6 13. Ng5 Ke8 14. O-O h6 15. Ne4 Nf4 16. Rfe1 Kd7 17. Bc2 d5 18. Ng3 g6 19. Re3 Bd6 20. Ne2 Nxe2+ 21. Rxe2 Rhe8 22. Rbe1 Bf4 23. Kf1 Bg5 24. Rxe8 Rxe8 25. Rxe8 Kxe8 26. Ke2 a5 27. Kd3 Kd7 28. b3 Kd6 29. g3 b6 30. f4 Bf6 31. Bd1 c5 32. dxc5+ bxc5 33. Bf3 Bd4 34. h3 Bf2 35. g4 Bg3 36. Ke3 g5 37. fxg5 hxg5 38. Kd3 Ke5 39. Ke3 Bf4+ 40. Kd3 Bc1 41. Bg2 f6 42. a4 d4 43. Be4 Kf4 44. Bf5 Kg3 45. Be6 Kxh3 46. Bf5 Kg3 47. Be6 Kf2 48. Bd5 f5 49. gxf5 g4 50. Kc4 g3 51. Kxc5 d3 52. Be4 d2 53. Bc2 g2 0-1

[Event "ESTCC 50 2019"]
[Site "Mali Losinj"]
[Date "2019.09.20"]
[Round "3.2"]
[White "Zelcic, Robert"]
[Black "Gleizerov, Evgeny"]
[Result "1/2-1/2"]
[ECO "C14"]
[WhiteElo "2503"]
[BlackElo "2503"]
[Annotator "ChessBase"]
[PlyCount "69"]
[EventDate "2019.09.18"]
[EventType "team-tourn"]
[EventCountry "CRO"]
[SourceTitle "playchess.com"]
[Source "ChessBase"]
[SourceQuality "1"]
[WhiteTeam "Croatia"]
[BlackTeam "Russia"]
[WhiteTeamCountry "CRO"]
[BlackTeamCountry "RUS"]
[TimeControl "40/5400+30:1800+30"]

1. e4 e6 2. d4 d5 3. Nc3 Nf6 4. Bg5 Be7 5. e5 Nfd7 6. h4 Nc6 7. Qd2 h6 8. Bxe7 Nxe7 9. f4 a6 10. Nf3 c5 11. dxc5 Nxc5 12. Qf2 Qa5 13. Bb5+ axb5 14. Qxc5 Bd7 15. Qf2 b4 16. Nd1 Bb5 17. Nd4 Nc6 18. Nb3 Qa7 19. Qxa7 Rxa7 20. a3 bxa3 21. Rxa3 Rxa3 22. bxa3 Ke7 23. Nc3 Bc4 24. a4 Ra8 25. Nd2 d4 26. Nxc4 dxc3 27. Rh3 Rxa4 28. Rxc3 g5 29. fxg5 hxg5 30. hxg5 Nxe5 31. Nxe5 Re4+ 32. Kf2 Rxe5 33. Rc7+ Ke8 34. g6 fxg6 35. Rxb7 1/2-1/2

[Event "ESTCC 50 2019"]
[Site "Mali Losinj"]
[Date "2019.09.20"]
[Round "3.3"]
[White "Shcherbakov, Ruslan"]
[Black "Kurajica, Bojan"]
[Result "1-0"]
[ECO "B43"]
[WhiteElo "2516"]
[BlackElo "2493"]
[Annotator "ChessBase"]
[PlyCount "45"]
[EventDate "2019.09.18"]
[EventType "team-tourn"]
[EventCountry "CRO"]
[SourceTitle "playchess.com"]
[Source "ChessBase"]
[SourceQuality "1"]
[WhiteTeam "Russia"]
[BlackTeam "Croatia"]
[WhiteTeamCountry "RUS"]
[BlackTeamCountry "CRO"]
[TimeControl "40/5400+30:1800+30"]

1. e4 c5 2. Nf3 e6 3. d4 cxd4 4. Nxd4 a6 5. Nc3 Qc7 6. Bd3 Bc5 7. Be3 Nf6 8. f4 Bxd4 9. Bxd4 Qxf4 10. Rf1 Qxh2 11. e5 Qg3+ 12. Rf2 Ng4 13. Ne4 Nxf2 14. Bxf2 Qxe5 15. Bg3 Qa5+ 16. b4 Qxb4+ 17. c3 Qa5 18. Bd6 h5 19. Qf3 f5 20. Qg3 Kf7 21. Be5 Rg8 22. Nd6+ Kf8 23. Nc4 1-0

[Event "ESTCC 50 2019"]
[Site "Mali Losinj"]
[Date "2019.09.20"]
[Round "3.4"]
[White "Fercec, Nenad"]
[Black "Ibragimov, Ildar"]
[Result "1/2-1/2"]
[ECO "C77"]
[WhiteElo "2439"]
[BlackElo "2537"]
[Annotator "ChessBase"]
[PlyCount "57"]
[EventDate "2019.09.18"]
[EventType "team-tourn"]
[EventCountry "CRO"]
[SourceTitle "playchess.com"]
[Source "ChessBase"]
[SourceQuality "1"]
[WhiteTeam "Croatia"]
[BlackTeam "Russia"]
[WhiteTeamCountry "CRO"]
[BlackTeamCountry "RUS"]
[TimeControl "40/5400+30:1800+30"]

1. e4 e5 2. Nf3 Nc6 3. Bb5 a6 4. Ba4 Nf6 5. d3 b5 6. Bb3 Be7 7. Nc3 d6 8. a3 O-O 9. h3 Be6 10. Nd5 Na5 11. Nxf6+ Bxf6 12. Bxe6 fxe6 13. b4 Nc6 14. O-O a5 15. Bd2 axb4 16. axb4 d5 17. c3 Ne7 18. Rxa8 Qxa8 19. Ng5 Bxg5 20. Bxg5 Ng6 21. Qg4 Qc6 22. g3 dxe4 23. dxe4 Qxc3 24. Qxe6+ Kh8 25. Be7 Nxe7 26. Qxe7 Kg8 27. Qe6+ Kh8 28. Qe7 Kg8 29. Qe6+ 1/2-1/2

[Event "ESTCC 50 2019"]
[Site "Mali Losinj"]
[Date "2019.09.20"]
[Round "3.5"]
[White "Blatny, Pavel"]
[Black "Mikhalchishin, Adrian"]
[Result "0-1"]
[ECO "A01"]
[WhiteElo "2325"]
[BlackElo "2465"]
[Annotator "ChessBase"]
[PlyCount "86"]
[EventDate "2019.09.18"]
[EventType "team-tourn"]
[EventCountry "CRO"]
[SourceTitle "playchess.com"]
[Source "ChessBase"]
[SourceQuality "1"]
[WhiteTeam "Czech Republic"]
[BlackTeam "Slovenia"]
[WhiteTeamCountry "CZE"]
[BlackTeamCountry "SLO"]
[TimeControl "40/5400+30:1800+30"]

1. e3 d5 2. b3 e5 3. Bb2 f6 4. d4 exd4 5. exd4 Bf5 6. Bd3 Bxd3 7. Qxd3 c6 8. Ne2 Bd6 9. O-O Ne7 10. c4 O-O 11. Ba3 Bxa3 12. Nxa3 Na6 13. Nc2 Nc7 14. a4 Qd7 15. Ne3 Ne6 16. Rfe1 Rad8 17. c5 f5 18. Nf1 g5 19. Nd2 Ng6 20. h3 Rde8 21. Qg3 h5 22. Qc3 g4 23. Kf1 Qg7 24. b4 f4 25. hxg4 hxg4 26. Ra3 Qh8 27. Kg1 Nxd4 28. Qd3 Nh4 29. Kf1 Nhf5 30. Kg1 g3 31. fxg3 Re3 32. Nxd4 Rxd3 33. Rxd3 Nxd4 34. gxf4 Rxf4 35. Re8+ Rf8 36. Rg3+ Kf7 37. Re1 Nf5 38. Rf3 Qd4+ 39. Rf2 Kg8 40. Nf3 Qxb4 41. Re6 Qxc5 42. Rg6+ Ng7 43. Rg4 b5 0-1

[Event "ESTCC 50 2019"]
[Site "Mali Losinj"]
[Date "2019.09.20"]
[Round "3.6"]
[White "Mohr, Georg"]
[Black "Priehoda, Vitezslav"]
[Result "1/2-1/2"]
[ECO "A14"]
[WhiteElo "2445"]
[BlackElo "2352"]
[Annotator "ChessBase"]
[PlyCount "100"]
[EventDate "2019.09.18"]
[EventType "team-tourn"]
[EventCountry "CRO"]
[SourceTitle "playchess.com"]
[Source "ChessBase"]
[SourceQuality "1"]
[WhiteTeam "Slovenia"]
[BlackTeam "Czech Republic"]
[WhiteTeamCountry "SLO"]
[BlackTeamCountry "CZE"]
[TimeControl "40/5400+30:1800+30"]

1. c4 e6 2. Nf3 Nf6 3. g3 d5 4. Bg2 Be7 5. O-O O-O 6. b3 c5 7. e3 Nc6 8. Bb2 dxc4 9. bxc4 Qb6 10. Qb3 Nd7 11. d3 Qxb3 12. axb3 Nb4 13. Ne1 Rd8 14. Na3 Nb8 15. d4 N8c6 16. Nac2 cxd4 17. exd4 Bf6 18. Nxb4 Nxb4 19. Nf3 Bd7 20. Bc3 Nc6 21. Rfd1 a6 22. Ne5 Bxe5 23. dxe5 Be8 24. f4 Rac8 25. Kf2 h6 26. Ke3 Rxd1 27. Rxd1 b5 28. Ra1 Nb8 29. Bb7 Rc7 30. Bxa6 Nxa6 31. Rxa6 Rc8 32. Kd4 bxc4 33. bxc4 Bc6 34. Bb4 h5 35. Ra7 Be8 36. Bd6 Kh7 37. Rb7 Kg6 38. Rb8 Rxb8 39. Bxb8 Kf5 40. Ke3 Kg4 41. Bd6 Kh3 42. Bf8 Kxh2 43. Kf2 g5 44. fxg5 Bc6 45. Bb4 Kh3 46. Be1 Kg4 47. Ke3 Kxg5 48. Kd4 Kf5 49. Kc5 Ba8 50. Kd6 f6 1/2-1/2

[Event "ESTCC 50 2019"]
[Site "Mali Losinj"]
[Date "2019.09.20"]
[Round "3.7"]
[White "Vokac, Marek"]
[Black "Mencinger, Vojko"]
[Result "1-0"]
[ECO "E12"]
[WhiteElo "2332"]
[BlackElo "2332"]
[Annotator "NA"]
[PlyCount "54"]
[EventDate "2019.09.18"]
[EventType "team-tourn"]
[EventCountry "CRO"]
[SourceTitle "playchess.com"]
[Source "ChessBase"]
[SourceQuality "1"]
[WhiteTeam "Czech Republic"]
[BlackTeam "Slovenia"]
[WhiteTeamCountry "CZE"]
[BlackTeamCountry "SLO"]
[TimeControl "40/5400+30:1800+30"]

1. d4 Nf6 2. c4 e6 3. Nf3 b6 4. Bf4 Bb4+ 5. Nfd2 Nh5 6. Be5 f6 7. e3 g6 8. Bg3 Bb7 9. Bh4 Ng7 10. f3 Nf5 11. Bf2 d5 12. Qa4+ Nc6 13. cxd5 exd5 14. Bd3 Qd7 15. O-O O-O-O 16. Rc1 Bxd2 17. Nxd2 Nd6 18. Rc3 Ne5 19. Qxd7+ Nxd7 20. Rac1 c5 21. Bg3 Kc7 22. b4 Kc6 23. bxc5 bxc5 24. dxc5 Nf5 25. Bxf5 gxf5 26. Nb3 Ne5 27. Nd4+ Kc7 1-0

[Event "ESTCC 50 2019"]
[Site "Mali Losinj"]
[Date "2019.09.20"]
[Round "3.8"]
[White "Plesec, Damjan"]
[Black "Spacek, Petr"]
[Result "1/2-1/2"]
[ECO "D53"]
[WhiteElo "2216"]
[BlackElo "2352"]
[Annotator "NA"]
[PlyCount "90"]
[EventDate "2019.09.18"]
[EventType "team-tourn"]
[EventCountry "CRO"]
[SourceTitle "playchess.com"]
[Source "ChessBase"]
[SourceQuality "1"]
[WhiteTeam "Slovenia"]
[BlackTeam "Czech Republic"]
[WhiteTeamCountry "SLO"]
[BlackTeamCountry "CZE"]
[TimeControl "40/5400+30:1800+30"]

1. Nf3 Nf6 2. c4 e6 3. Nc3 d5 4. d4 Be7 5. Bg5 Nbd7 6. e3 h6 7. Bh4 Ne4 8. Bxe7 Qxe7 9. cxd5 Nxc3 10. bxc3 exd5 11. Qb3 c6 12. a4 O-O 13. Bd3 b6 14. O-O Bb7 15. c4 dxc4 16. Bxc4 a6 17. Rfe1 b5 18. axb5 cxb5 19. Bd5 Nf6 20. Bxb7 Qxb7 21. Ne5 a5 22. Nd3 Qd5 23. Nc5 Rfb8 24. Reb1 Qxb3 25. Nxb3 a4 26. Nc5 Nd5 27. Ra3 f5 28. Kf1 Nc7 29. Ke2 Rd8 30. Nd3 Rac8 31. Kd2 Rd7 32. Rc3 Ra8 33. Ra3 Re8 34. h4 g5 35. hxg5 hxg5 36. g3 Kg7 37. Nb4 f4 38. gxf4 gxf4 39. Rg1+ Kf6 40. Rc3 Nd5 41. Rc6+ Re6 42. Nxd5+ Rxd5 43. Rxe6+ Kxe6 44. Kd3 fxe3 45. fxe3 Rh5 1/2-1/2

[Event "ESTCC 50 2019"]
[Site "Mali Losinj"]
[Date "2019.09.20"]
[Round "3.9"]
[White "Sulc, Damir"]
[Black "Ponce Navalon, Jose"]
[Result "0-1"]
[ECO "C82"]
[WhiteElo "2207"]
[BlackElo "2024"]
[Annotator "NA"]
[PlyCount "76"]
[EventDate "2019.09.18"]
[EventType "team-tourn"]
[EventCountry "CRO"]
[SourceTitle "playchess.com"]
[Source "ChessBase"]
[SourceQuality "1"]
[WhiteTeam "Croatia"]
[BlackTeam "Spain"]
[WhiteTeamCountry "CRO"]
[BlackTeamCountry "ESP"]
[TimeControl "40/5400+30:1800+30"]

1. e4 e5 2. Nf3 Nc6 3. Bb5 a6 4. Ba4 Nf6 5. O-O Nxe4 6. d4 b5 7. Bb3 d5 8. dxe5 Be6 9. c3 Bc5 10. Nbd2 Bf5 11. Bc2 Bg6 12. Nb3 Bb6 13. Nbd4 Qd7 14. a4 O-O 15. axb5 Nxd4 16. Nxd4 axb5 17. Rxa8 Rxa8 18. f3 Nc5 19. Be3 Re8 20. b4 Na4 21. Bxa4 bxa4 22. f4 Be4 23. Qe2 a3 24. Ra1 Ra8 25. h3 Qa4 26. Qg4 Qe8 27. Qe2 f6 28. exf6 gxf6 29. c4 dxc4 30. Qxc4+ Qf7 31. Qc3 Qd5 32. Kh2 a2 33. Ne2 Bxe3 34. Qxe3 Qd3 35. Qf2 Qd2 36. Qg3+ Kh8 37. Nc3 Bb7 38. Rd1 Qxd1 0-1

[Event "ESTCC 50 2019"]
[Site "Mali Losinj"]
[Date "2019.09.20"]
[Round "3.10"]
[White "Pastor Alonso De Prado, Alberto"]
[Black "Dusper, Hrvoje"]
[Result "1-0"]
[ECO "B01"]
[WhiteElo "2010"]
[BlackElo "2221"]
[Annotator "NA"]
[PlyCount "71"]
[EventDate "2019.09.18"]
[EventType "team-tourn"]
[EventCountry "CRO"]
[SourceTitle "playchess.com"]
[Source "ChessBase"]
[SourceQuality "1"]
[WhiteTeam "Spain"]
[BlackTeam "Croatia"]
[WhiteTeamCountry "ESP"]
[BlackTeamCountry "CRO"]
[TimeControl "40/5400+30:1800+30"]

1. e4 d5 2. exd5 Nf6 3. Nf3 Bg4 4. h3 Bh5 5. d4 Qxd5 6. Nc3 Qa5 7. g4 Bg6 8. Ne5 c6 9. h4 Be4 10. Nc4 Qc7 11. Nxe4 Nxe4 12. Qf3 Nd6 13. Bf4 Nd7 14. O-O-O Nf6 15. g5 Nd5 16. Bd2 Nxc4 17. Bxc4 e6 18. h5 O-O-O 19. Kb1 c5 20. dxc5 Bxc5 21. Bc1 Nb6 22. Bb3 Rxd1 23. Rxd1 Re8 24. a4 a5 25. Qc3 g6 26. h6 Bxf2 27. Qxc7+ Kxc7 28. Rf1 Bc5 29. Rxf7+ Re7 30. Bxe6 Nd7 31. Bf4+ Kd8 32. Rxe7 Bxe7 33. Bg8 Nf8 34. Ka2 Kd7 35. Bd2 Ne6 36. Bxh7 1-0

[Event "ESTCC 50 2019"]
[Site "Mali Losinj"]
[Date "2019.09.20"]
[Round "3.12"]
[White "Rodriguez Bernal, Herman"]
[Black "Tirkajla, Boris"]
[Result "0-1"]
[ECO "A85"]
[WhiteElo "1735"]
[BlackElo "2060"]
[Annotator "NA"]
[PlyCount "80"]
[EventDate "2019.09.18"]
[EventType "team-tourn"]
[EventCountry "CRO"]
[SourceTitle "playchess.com"]
[Source "ChessBase"]
[SourceQuality "1"]
[WhiteTeam "Spain"]
[BlackTeam "Croatia"]
[WhiteTeamCountry "ESP"]
[BlackTeamCountry "CRO"]
[TimeControl "40/5400+30:1800+30"]

1. d4 f5 2. c4 Nf6 3. Nc3 g6 4. Bf4 Bg7 5. Nf3 O-O 6. e3 d6 7. Bd3 e6 8. Qc2 Nc6 9. a3 Qe7 10. Bg5 h6 11. Bxf6 Qxf6 12. O-O-O Qf7 13. Nd2 Ne7 14. f4 Bd7 15. Rhg1 a6 16. g4 Rab8 17. h4 Kh8 18. Nf3 fxg4 19. Rxg4 e5 20. Rxg6 Nxg6 21. Bxg6 Bf5 22. Bxf5 Qxf5 23. Qh2 exf4 24. e4 Qh5 25. Qf2 b5 26. cxb5 axb5 27. Nd5 Qe8 28. Nd2 c5 29. dxc5 Rc8 30. Rg1 Rxc5+ 31. Kb1 Qe5 32. Rxg7 Kxg7 33. Qg2+ Kh7 34. Qg4 Rf7 35. Nb4 Rg7 36. Qh3 Qd4 37. Nb3 Qxe4+ 38. Ka2 Re5 39. Nd2 Qe3 40. Qh2 f3 0-1

[Event "ESTCC 50 2019"]
[Site "Mali Losinj"]
[Date "2019.09.20"]
[Round "3.13"]
[White "Ledger, Andrew J"]
[Black "Druckenthaner, Andreas"]
[Result "0-1"]
[ECO "A42"]
[WhiteElo "2343"]
[BlackElo "2283"]
[Annotator "NA"]
[PlyCount "88"]
[EventDate "2019.09.18"]
[EventType "team-tourn"]
[EventCountry "CRO"]
[SourceTitle "playchess.com"]
[Source "ChessBase"]
[SourceQuality "1"]
[WhiteTeam "England"]
[BlackTeam "Austria"]
[WhiteTeamCountry "ENG"]
[BlackTeamCountry "AUT"]
[TimeControl "40/5400+30:1800+30"]

1. d4 d6 2. c4 g6 3. Nc3 Bg7 4. e4 e5 5. d5 Nh6 6. h4 c5 7. Bd3 Qe7 8. Nge2 Na6 9. Ng3 Bd7 10. a3 f6 11. Bc2 Nf7 12. h5 Bh6 13. Bxh6 Nxh6 14. Ba4 O-O-O 15. Bxd7+ Qxd7 16. Qd2 Nf7 17. Nb5 Kb8 18. Qa5 Rc8 19. O-O-O f5 20. Rd3 f4 21. Ne2 Qd8 22. Qa4 Qg5 23. f3 Qxg2 24. Re1 Qf2 25. Kd1 Ng5 26. Ng1 Rhd8 27. Rb3 Rc7 28. Nxc7 Nxc7 29. Rc3 gxh5 30. Qc2 Qg3 31. b4 h4 32. bxc5 dxc5 33. Rb3 h3 34. Ne2 Qf2 35. Qb2 Nxf3 36. Rxf3 Qxf3 37. Qxe5 h2 38. Qe7 Re8 39. Qxh7 Qd3+ 40. Kc1 Qxe4 41. Qxh2 Qxc4+ 42. Kb2 f3 43. d6 Rxe2+ 44. Rxe2 Qxe2+ 0-1

[Event "ESTCC 50 2019"]
[Site "Mali Losinj"]
[Date "2019.09.20"]
[Round "3.14"]
[White "Opl, Klaus"]
[Black "Lewis, Andrew P"]
[Result "1-0"]
[ECO "B48"]
[WhiteElo "2207"]
[BlackElo "2294"]
[Annotator "NA"]
[PlyCount "63"]
[EventDate "2019.09.18"]
[EventType "team-tourn"]
[EventCountry "CRO"]
[SourceTitle "playchess.com"]
[Source "ChessBase"]
[SourceQuality "1"]
[WhiteTeam "Austria"]
[BlackTeam "England"]
[WhiteTeamCountry "AUT"]
[BlackTeamCountry "ENG"]
[TimeControl "40/5400+30:1800+30"]

1. e4 c5 2. Nf3 Nc6 3. d4 cxd4 4. Nxd4 e6 5. Nc3 Qc7 6. Be3 a6 7. Bd3 Nf6 8. O-O Ne5 9. h3 Bc5 10. Qe2 d6 11. f4 Ng6 12. Kh1 O-O 13. Rae1 Bd7 14. Bg1 Qb6 15. e5 Ne8 16. Rd1 Qxb2 17. Rf3 Nh4 18. Rg3 g6 19. Be4 Ng7 20. Rb1 Qa3 21. Rd3 Qa5 22. exd6 Bxd4 23. Bxd4 Nhf5 24. Bb6 Qa3 25. Qe1 Ba4 26. Nxa4 Qxa4 27. d7 Rad8 28. Qb4 Qxc2 29. Rc3 Qe2 30. Bxd8 Rxd8 31. Bxf5 Nxf5 32. Rc8 1-0

[Event "ESTCC 50 2019"]
[Site "Mali Losinj"]
[Date "2019.09.20"]
[Round "3.15"]
[White "Ledger, Dave J"]
[Black "Watzka, Horst"]
[Result "1/2-1/2"]
[ECO "C93"]
[WhiteElo "2134"]
[BlackElo "2187"]
[Annotator "NA"]
[PlyCount "66"]
[EventDate "2019.09.18"]
[EventType "team-tourn"]
[EventCountry "CRO"]
[SourceTitle "playchess.com"]
[Source "ChessBase"]
[SourceQuality "1"]
[WhiteTeam "England"]
[BlackTeam "Austria"]
[WhiteTeamCountry "ENG"]
[BlackTeamCountry "AUT"]
[TimeControl "40/5400+30:1800+30"]

1. e4 e5 2. Nf3 Nc6 3. Bb5 a6 4. Ba4 Nf6 5. O-O Be7 6. Re1 b5 7. Bb3 d6 8. c3 O-O 9. h3 h6 10. d4 Re8 11. Nbd2 Bf8 12. a3 Bb7 13. d5 Ne7 14. Nf1 c6 15. dxc6 Bxc6 16. Ng3 Ng6 17. Qc2 Qc7 18. a4 Qb7 19. axb5 axb5 20. Rxa8 Rxa8 21. h4 Re8 22. h5 Nf4 23. Nh4 N4xh5 24. Nxh5 Nxh5 25. Ng6 Nf6 26. f3 Kh7 27. Nxf8+ Rxf8 28. Be3 Kg8 29. Qf2 Qe7 30. Ra1 Ra8 31. Rxa8+ Bxa8 32. Qf1 Bc6 33. Qa1 Qb7 1/2-1/2